 Dungeon Crawl Stone Soup version 0.27-a0-1202-ge72e49191c (webtiles) character file.

Game seed: 11105022600651892997

60 soylentgreeen202 the Chopper (level 3, 0/33 HPs)
             Began as a Minotaur Monk on June 4, 2021.
             Slain by Terence
             ... wielding a +0 falchion of protection
              (2 damage)
             ... on level 3 of the Dungeon.
             The game lasted 00:06:54 (2173 turns).

soylentgreeen202 the Chopper (Minotaur Monk)        Turns: 2173, Time: 00:06:55

Health: 0/33       AC:  3    Str: 16    XL:     3   Next: 80%
Magic:  2/2        EV: 12    Int:  7    God:
Gold:   62         SH:  0    Dex: 12    Spells: 2/2 levels left

rFire    . . .     SeeInvis .   a - +0 hand axe
rCold    . . .     Faith    .   (no shield)
rNeg     . . .     Spirit   .   c - +0 leather armour
rPois    .         Reflect  .   (helmet restricted)
rElec    .         Harm     .   (no cloak)
rCorr    .         Rampage  .   (no gloves)
Will     .....                  (no boots)
Stlth    ++........             (no amulet)
HPRegen  0.11/turn              (no ring)
MPRegen  0.08/turn              (no ring)

@: hasted, very quick
A: horns 2, retaliatory headbutt
a: no special abilities


You were on level 3 of the Dungeon.
You visited 1 branch of the dungeon, and saw 3 of its levels.

You collected 62 gold pieces.

Inventory:

Hand Weapons
 a - a +0 hand axe (weapon)
 g - a +0 spear
 h - a +0 whip
Missiles
 l - 6 atropa-tipped darts (quivered)
 m - 44 stones
Armour
 b - a +0 robe
 c - a +0 leather armour (worn)
Jewellery
 k - a ring of ice
Scrolls
 e - 2 scrolls of immolation
 j - a scroll of magic mapping {unknown}
Potions
 f - a potion of curing
 i - a potion of cancellation {unknown}


   Skills:
 - Level 4.0 Fighting
 * Level 5.2 Axes
 + Level 0.4 Armour
 - Level 3.2 Dodging
 - Level 2.0 Stealth


You had 2 spell levels left.
You didn't know any spells.
Your spell library was empty.

Dungeon Overview and Level Annotations

Branches:
Dungeon (3/15)

Altars:
Wu Jian

Annotations:
D:2 Sigmund
D:3 Terence


Innate Abilities, Weirdness & Mutations

You have a pair of horns on your head.
You reflexively headbutt those who attack you in melee.


Message History

You closely miss the kobold. Your headbutt misses the kobold.
The kobold completely misses you. You furiously retaliate!
You headbutt the kobold.
You kill the kobold!
m - 26 stones (gained 5)
Things that are here:
a +0 dagger; a kobold corpse
Found a stone staircase leading up.
Found 18 stones.
m - 44 stones (gained 18) Terence the Incautious comes into view.
He is wielding a +0 falchion of protection.
Terence shouts!
You hear an angry hiss.
A ball python comes into view.
Terence bares his teeth.
The ball python moves out of view.
It was a potion of curing.
You feel better. Terence misses you.
You hit Terence but do no damage. Terence hits you but does no damage.
You barely miss Terence.
Terence hits you with a +0 falchion of protection.
You hit Terence but do no damage. Terence barely misses you.
You hit Terence.
Terence is lightly wounded.
Terence hits you with a +0 falchion of protection.
You barely miss Terence. Your headbutt misses Terence.
Terence is lightly wounded.
Terence hits you with a +0 falchion of protection.
You hit Terence. Your headbutt misses Terence.
Terence is moderately wounded.
Terence hits you with a +0 falchion of protection.
You closely miss Terence. Your headbutt misses Terence.
Terence is moderately wounded.
Terence hits you with a +0 falchion of protection!
* * * LOW HITPOINT WARNING * * *
You hit Terence. Your headbutt misses Terence.
Terence is heavily wounded.
Terence hits you with a +0 falchion of protection!
* * * LOW HITPOINT WARNING * * *
You feel yourself speed up.
Terence hits you with a +0 falchion of protection.
You die...

#.# ####+### #.#
#....... . #.#
##....... ..
####.#####<.......
...
+.................
....
#..########.......
..... #..#
#.......
......#..#
#.......
.....S@@.#
#.......
......#.##
######## ......#.#
..... #.# # ###..
#.# # ## #.# # #.#
# #.# ###########
# #.........# #


You could see Terence and a ball python.

Vanquished Creatures
  2 adders (D:2)
  A ball python (D:1)
  6 endoplasms
  6 hobgoblins
  2 quokkas
  7 bats
  7 goblins
  4 kobolds
  5 rats
40 creatures vanquished.

Notes
Turn   | Place    | Note
-------+----------+-------------------------------------------
     0 | D:1      | soylentgreeen202 the Minotaur Monk began the quest for the
                  | Orb.
     0 | D:1      | Reached XP level 1. HP: 19/19 MP: 0/0
   285 | D:1      | Found a faded altar of an unknown god.
   546 | D:1      | Reached XP level 2. HP: 27/27 MP: 1/1
   943 | D:2      | Reached skill level 4 in Axes
  1198 | D:2      | Found an ornate altar of the Wu Jian Council.
  1206 | D:2      | Noticed Sigmund
  1237 | D:1      | Reached XP level 3. HP: 15/33 MP: 2/2
  1479 | D:2      | Reached skill level 5 in Axes
  1784 | D:3      | Noticed a phantom
  2162 | D:3      | Noticed Terence
  2173 | D:3      | Slain by Terence

Illustrated notes

Levels and vault maps discovered:
D:1:      lightli_iron_boxes, layout_loops_corners,
          hellmonk_ecumenical_altar_blasted
D:2:      kennysheep_the_goblin_king, layout_basic, basic_altar, uniq_sigmund
D:3:      layout_basic, uniq_terence

Skill      XL: |  1  2  3 |
---------------+----------+-----
Fighting       | 4 |  4.0
Stealth        | 2 |  2.0
Axes           | 4 5 |  5.2
Armour         | |  0.4
Dodging        | |  3.2

Action                   || total
-------------------------++-------
Melee: Hand axe          ||    83
       Headbutt          ||     9
Throw: Stone             ||     2
  Use: Scroll            ||     2
       Potion            ||     2
 Stab: Sleeping          ||     1
Armor: Robe              ||    11
       Leather armour    ||     9
Dodge: Dodged            ||    55

Table legend: (Time is in decaauts)
 A = Elapsed time spent in this place.
 B = Non-inter-level travel time spent in this place.
 C = Inter-level travel time spent in this place.
 D = Time resting spent in this place.
 E = Time spent auto-exploring this place.
 F = Levels seen in this place.
 G = Mean time per level.
                   A        B        C        D        E       F      G
               +--------+--------+--------+--------+--------+-----+--------+
         Total |   2184 |   2127 |     57 |    810 |    635 |   3 |  728.0 |
       Dungeon |   2184 |   2127 |     57 |    810 |    635 |   3 |  728.0 |
               +--------+--------+--------+--------+--------+-----+--------+

Top non-repeatable levels by time:
     D:1: 1359 daAuts
     D:2: 640 daAuts
     D:3: 184 daAuts
